 Dungeon Crawl Stone Soup version 0.30-a0-177-g1cb5dbfd7a (webtiles) character file.

Game seed: 15331775443523806002

2634 quinnr the Arsonist (level 9, -2/112 HPs)
             Began as a Naga Fire Elementalist on Oct 3, 2022.
             Slain by a vampire
             ... wielding a +0 vampiric glaive
              (14 damage)
             ... in a bailey.
             The game lasted 00:25:38 (8081 turns).

quinnr the Arsonist (Naga Fire Elementalist)        Turns: 8081, Time: 00:25:39

Health: -2/112     AC: 24    Str: 10    XL:     9   Next: 61%
Magic:  3/16       EV:  1    Int: 26    God:
Gold:   89         SH:  0    Dex: 12    Spells: 8/18 levels left

rFire   . . .      SeeInvis +    k - +0 whip (elec)
rCold   . . .      Faith    .    (no shield)
rNeg    . . .      Spirit   .    (body armour currently unavailable)
rPois   +          Reflect  .    (helmet currently unavailable)
rElec   .          Harm     .    (cloak currently unavailable)
rCorr   .          Rampage  .    (gloves currently unavailable)
Will    +....      NoTele   +    (no barding)
Stlth   +++.......               (no amulet)
HPRegen 0.38/turn                I - +6 ring of intelligence
MPRegen 0.15/turn                (no ring)

@: tree-form
A: stationary, stasis, torment immunity, boosted hp, AC +3, large, see
invisible, (deformed body), (poison resistance), (slowness 2), spit poison 1,
(naga tail 1)
a: Spit Poison


You were in a bailey.
You were a tree.
You visited 1 branch of the dungeon, and saw 7 of its levels.
You also visited: Bailey.

You collected 203 gold pieces.
You spent 114 gold pieces at shops.


Innate Abilities, Weirdness & Mutations

You are a tree.
Your roots penetrate the ground, keeping you stationary.
You cannot be teleported.
You are immune to unholy pain and torment.
Your maximum health is greatly increased.
Your equipment is partially melded.
((Your serpentine skin is tough. (AC +3)))
You have supernaturally acute eyesight. (SInv)
((Armour fits poorly on your strangely shaped body.))
((Your system is resistant to poisons. (rPois)))
((You cover ground very slowly.))
You can spit poison.
((You have a snake-like lower body.))


   Skills:
 - Level 3.0 Fighting
 - Level 2.0 Dodging
 - Level 6.0 Stealth
 - Level 5.0 Spellcasting
 + Level 4.6 Conjurations
 - Level 3.0 Translocations
 * Level 9.0 Fire Magic
 - Level 3.0 Air Magic


You had 8 spell levels left.
You knew the following spells:

 Your Spells              Type           Power      Damage    Failure   Level
f - Foxfire               Conj/Fire      100%       2x1d9     1%          1
X - Scorch                Fire           100%       2d10      1%          2
Y - Flame Wave            Conj/Fire      42%        2d11      4%          4
Z - Kindle Blastsparks    Fire/Tloc/Air  64%        2d15      3%          3

Your spell library contained the following spells:

 Spells                   Type           Power      Damage    Failure   Level
 Inner Flame              Hex/Fire       29%        N/A       3%          3
 Cigotuvi's Dreadful Rot  Necr/Pois/Air  22%        N/A       8%          2
 Iskenderun's Mystic Bla  Conj/Tloc      26%        2d7       16%         4
 Summon Guardian Golem    Hex/Summ       6%         N/A       22%         3
 Fulminant Prism          Conj/Hex       9%         3d7       28%         4
 Dispel Undead            Necr           6%         3d8       58%         4
 Lee's Rapid Deconstruct  Erth           3%         3d6*      91%         5
 Death Channel            Necr           3%         N/A       100%        6
 Orb of Destruction       Conj           15%        9d7       100%        7
 Spellforged Servitor     Conj/Summ      9%         N/A       100%        7

Inventory:

Hand Weapons
 k - a +0 whip of electrocution (weapon)
 r - a +0 dagger of freezing
Missiles
 v - 6 poisoned darts
Armour
 c - a +0 pair of gloves (melded)
 q - a +0 helmet (melded)
 w - +0 steam dragon scales (melded)
Magical Staves
 i - a staff of earth {!a}
Jewellery
 I - a +6 ring of intelligence (left branch)
Wands
 f - a wand of flame (14)
 g - a wand of mindburst (17)
Scrolls
 h - 3 scrolls of blinking
 l - a scroll of silence {!r}
 u - a scroll of noise {unknown}
Potions
 b - a potion of magic
 d - 4 potions of resistance
 e - a potion of mutation
 m - a potion of curing {@q1}
 n - 2 potions of might
 o - 2 potions of lignification
 t - a potion of flight

Dungeon Overview and Level Annotations

Branches:
Dungeon (7/15)             Temple (0/1) D:7          Bailey (1/1)

Altars:
Trog

Shops:
D:1 :?   D:2 (

Annotations:
D:5 2 transporters Bailey exclusion: gargoyle

▒▒▒▒▒▒ ▒▒8}:.▒▒
▒▒[!..[[▒▒ ▒8.V▒ 8▒
▒..▒▒ ..▒
▒▒▒▒▒▒▒▒▒▒.♣▒▒ ▒..▒
▒8......8▒...▒▒...▒
▒9.......▒▒......▒
▒▒▒▒▒▒▒...▒▒....▒▒
▒8....▒▒...▒▒++▒▒▒
▒......▒.........▒
▒.....))........8▒
▒...▒....▒▒▒▒▒▒▒▒▒
+...▒▒..▒▒.....8▒


You could see a vampire (invisible).


Message History

Confirm with . or Enter, or press ? or * to list all spells.
Okay, then.
Aiming: Iceblast
Press: ? - help, Shift-Dir - straight line, f/p - vampire
Aim: a vampire, wielding a +0 vampiric glaive and wearing a +0 scale mail (slightly transparent)
The mass of ice explodes!
The iceblast engulfs the vampire.
The vampire partially resists.
The vampire is lightly damaged.
The now-empty wand crumbles to dust.
The vampire misses you.
Aiming: Mindburst
Press: ? - help, Shift-Dir - straight line, f/p - vampire
Aim: a vampire, wielding a +0 vampiric glaive and wearing a +0 scale mail (lightly damaged, slightly transparent, chance to affect: 47%)
The vampire resists with some effort.
The vampire hits you from afar with a +0 vampiric glaive!
* * * LOW HITPOINT WARNING * * *
Aiming: Mindburst
Press: ? - help, Shift-Dir - straight line, f/p - vampire
Aim: a vampire, wielding a +0 vampiric glaive and wearing a +0 scale mail (lightly damaged, slightly transparent, chance to affect: 47%)
The vampire resists with some effort.
The vampire hits you from afar with a +0 vampiric glaive.
* * * LOW HITPOINT WARNING * * *
The vampire draws strength from your wounds!
Okay, then.
Really quaff the potion of lignification?
You turn into a tree.
Your +0 helmet melds into your body.
Your +0 pair of gloves melds into your body.
Your +0 steam dragon scales melds into your body.
Your roots penetrate the ground.
The vampire hits you from afar with a +0 vampiric glaive!
You die...

Skill      XL: |  1  2  3  4  5  6  7  8  9 |
---------------+----------------------------+-----
Fighting       | 1 2 3 |  3.0
Dodging        | 2 |  2.0
Stealth        | 5 6 |  6.0
Fire Magic     | 5 6 7 9 |  9.0
Spellcasting   | 3 4 5 |  5.0
Conjurations   | 2 3 4 |  4.6
Air Magic      | 2 3 |  3.0
Translocations | 2 3 |  3.0

Action                   |  1- 3 |  4- 6 |  7- 9 || total
-------------------------+-------+-------+-------++-------
Melee: Staff             |     4 |     2 |       ||     6
       Whip              |       |     2 |    15 ||    17
       Punch             |       |       |     1 ||     1
 Cast: Foxfire           |    50 |    50 |   191 ||   291
       Scorch            |     8 |    21 |    33 ||    62
       Kindle Blastspark |       |       |    18 ||    18
       Flame Wave        |       |       |     5 ||     5
 Abil: Spit Poison       |     1 |       |     6 ||     7
Evoke: Wand              |       |     6 |     5 ||    11
  Use: Scroll            |     3 |     3 |     6 ||    12
       Potion            |     2 |     2 |     3 ||     7
Armor: Robe              |     1 |     7 |    19 ||    27
       Steam dragon scal |       |       |     8 ||     8
Dodge: Dodged            |    10 |    20 |    33 ||    63

Levels and vault maps discovered:
D:1:      reono_arrival_mine, layout_loops_ring, basic_ecumenical_altar,
          serial_shops, shop, nicolae_shop_vocational
D:2:      layout_loops_ring, serial_shops, nicolae_shop_statue_plus,
          grunt_decor_junction, chequers_serial_rivers_small_3,
          uniq_crazy_yiuf_cottage, uniq_terence
D:3:      layout_loops_ring, uniq_ijyb, uniq_grinder
D:4:      minmay_bubble_buster, layout_gridville, lemuel_crystal_altar
D:5:      gammafunk_wand_slinger, layout_rooms, serial_aquarium,
          aquarium_bridge_long_joined [aquarium_subvault_wall,
          aquarium_subvault_wall, aquarium_subvault_wall,
          aquarium_subvault_window, aquarium_subvault_bridge,
          aquarium_subvault_window], aquarium_bridge_straight
          [aquarium_subvault_bridge, aquarium_subvault_wall,
          aquarium_subvault_bridge, aquarium_subvault_window],
          aquarium_window_2, aquarium_window_corner, aquarium_view_2c,
          kennysheep_generic_room_2
D:6:      layout_gridville
D:7:      layout_loops_ring, minmay_temple_entry_glassed_door, enter_bailey_7
Bailey:   bailey_polearm_vampire_castle_hellmonk, bailey

Notes
Turn   | Place    | Note
-------+----------+-------------------------------------------
     0 | D:1      | quinnr the Naga Fire Elementalist began the quest for the
                  | Orb.
     0 | D:1      | Reached XP level 1. HP: 15/15 MP: 3/3
    23 | D:1      | Found Cahowon's Magic Scroll Emporium.
   151 | D:1      | Found Ijabocsukk's Vocational Training.
   207 | D:1      | Found a faded altar of an unknown god.
   216 | D:1      | Reached XP level 2. HP: 24/24 MP: 0/5
  1024 | D:2      | Found Fychyloa's Antique Weapon Boutique.
  1178 | D:2      | Noticed Terence
  1238 | D:1      | Bought a scroll of identify for 24 gold pieces
  1239 | D:1      | Identified a potion of resistance
  1342 | D:1      | Learned a level 2 spell: Scorch
  1366 | D:2      | Reached XP level 3. HP: 30/30 MP: 0/6
  1419 | D:2      | Reached skill level 1 in Fighting
  1633 | D:2      | Killed Terence
  1634 | D:2      | Reached skill level 2 in Dodging
  1634 | D:2      | Reached XP level 4. HP: 9/38 MP: 4/7
  1981 | D:2      | Reached skill level 4 in Stealth
  2080 | D:2      | Reached skill level 4 in Fire Magic
  2478 | D:3      | Noticed Grinder
  2502 | D:3      | Killed Grinder
  2503 | D:3      | Reached skill level 5 in Stealth
  2503 | D:3      | Reached skill level 3 in Spellcasting
  2503 | D:3      | Reached skill level 5 in Fire Magic
  2503 | D:3      | Reached XP level 5. HP: 32/44 MP: 0/9
  2503 | D:3      | Reached XP level 6. HP: 37/51 MP: 0/10
  2987 | D:3      | Noticed Ijyb
  3003 | D:3      | HP: 5/51 [frozen (4)]
  3020 | D:3      | Killed Ijyb
  3556 | D:1      | Bought a scroll of blinking for 90 gold pieces
  3667 | D:4      | Learned a level 4 spell: Flame Wave
  3674 | D:4      | Reached skill level 6 in Stealth
  3674 | D:4      | Reached XP level 7. HP: 39/57 MP: 2/11
  3786 | D:4      | Reached skill level 6 in Fire Magic
  3850 | D:4      | Found a bloodstained altar of Trog.
  4233 | D:4      | Reached skill level 2 in Fighting
  4233 | D:4      | Reached skill level 2 in Conjurations
  4700 | D:4      | Learned a level 3 spell: Kindle Blastsparks
  4880 | D:4      | Reached XP level 8. HP: 56/68 MP: 6/13
  5269 | D:5      | Entered Level 5 of the Dungeon
  5269 | D:5      | Found a transporter.
  5278 | D:4      | Reached skill level 1 in Air Magic
  5363 | D:4      | Reached skill level 1 in Translocations
  5444 | D:5      | Reached skill level 7 in Fire Magic
  5485 | D:5      | Reached skill level 4 in Spellcasting
  5680 | D:5      | Found a transporter.
  5833 | D:5      | Reached skill level 3 in Fighting
  5833 | D:5      | Reached skill level 3 in Conjurations
  6106 | D:5      | Reached skill level 2 in Translocations
  6106 | D:5      | Reached skill level 2 in Air Magic
  6493 | D:6      | Reached XP level 9. HP: 75/75 MP: 2/15
  6849 | D:6      | Reached skill level 8 in Fire Magic
  7108 | D:6      | Reached skill level 4 in Conjurations
  7108 | D:6      | Reached skill level 3 in Air Magic
  7154 | D:6      | Reached skill level 3 in Translocations
  7171 | D:6      | Reached skill level 5 in Spellcasting
  7486 | D:7      | Found a staircase to the Ecumenical Temple.
  7600 | D:7      | Found a flagged portal.
  7658 | Bailey   | Entered a bailey
  7908 | Bailey   | Reached skill level 9 in Fire Magic
  8040 | Bailey   | Noticed a gargoyle
  8076 | Bailey   | HP: 1/75 [vampire/+0 vampiric glaive (11)]
  8081 | Bailey   | Slain by a vampire

Vanquished Creatures
  Grinder (D:3)
  2 steam dragons (D:6)
  A water moccasin (D:5)
  A black bear (D:4)
  An orc warrior (D:6)
  A sky beast (D:6)
  3 ogres (D:4)
  2 phantoms
  A centaur (D:6)
  3 bullfrogs
  3 scorpions
  A necrophage (D:5)
  8 hounds
  5 orc priests
  Ijyb (D:3)
  Terence (D:2)
  2 iguanas
  3 orc wizards
  5 gnolls
  11 adders
  A shadow imp (D:5)
  A white imp (D:5)
  2 ufetubi
  2 worms (D:4)
  2 dart slugs (D:4)
  13 orcs
  4 bats
  8 endoplasms
  2 giant cockroaches
  5 goblins
  10 hobgoblins
  6 jackals
  3 quokkas
  9 ball pythons
  3 frilled lizards
  4 kobolds
  12 orc zombies (Bailey)
  A rat (D:3)
144 creatures vanquished.

Vanquished Creatures (others)
  506 foxfires
  18 fungi (D:5)
524 creatures vanquished.

Grand Total: 668 creatures vanquished

Table legend: (Time is in decaauts)
 A = Elapsed time spent in this place.
 B = Non-inter-level travel time spent in this place.
 C = Inter-level travel time spent in this place.
 D = Time resting spent in this place.
 E = Time spent auto-exploring this place.
 F = Levels seen in this place.
 G = Mean time per level.
                   A        B        C        D        E       F      G
               +--------+--------+--------+--------+--------+-----+--------+
         Total |   9692 |   9243 |    449 |    478 |   7216 |   8 | 1211.5 |
       Dungeon |   9213 |   8764 |    449 |    433 |   6939 |   7 | 1316.1 |
        Bailey |    479 |    479 |      0 |     45 |    276 |   1 |  479.0 |
               +--------+--------+--------+--------+--------+-----+--------+

Top non-repeatable levels by time:
     D:4: 2113 daAuts
     D:2: 1508 daAuts
     D:3: 1489 daAuts
     D:1: 1400 daAuts
     D:6: 1400 daAuts
     D:5: 1098 daAuts
  Bailey: 479 daAuts
     D:7: 202 daAuts

Table legend:
 A = Non-vault XP
 B = Vault XP
 C = Vault XP percentage of total XP
 D = Non-vault monster count
 E = Vault monster count
 F = Vault count percentage of total count
                 A         B        C        D         E       F
            +---------+---------+-------+---------+---------+-------
      Total |    3068 |     696 |  18.5 |     107 |      37 |  25.7
            +---------+---------+-------+---------+---------+-------
        D:1 |      29 |       0 |   0.0 |      17 |       0 |   0.0
        D:2 |      66 |      36 |  35.3 |      11 |       1 |   8.3
        D:3 |      74 |     317 |  81.1 |      21 |       2 |   8.7
        D:4 |     880 |     121 |  12.1 |      22 |      15 |  40.5
        D:5 |     500 |     140 |  21.9 |      10 |       3 |  23.1
        D:6 |    1215 |       0 |   0.0 |      19 |       0 |   0.0
        D:7 |     304 |      32 |   9.5 |       7 |       4 |  36.4
     Bailey |       0 |      50 | 100.0 |       0 |      12 | 100.0
            +---------+---------+-------+---------+---------+-------
